 Dungeon Crawl Stone Soup version 0.23-a0-305-g7ffd15e (webtiles) character file.

665 Ijustatesigmund the Sneak (level 7, -5/45 HPs)
             Began as an Octopode Wizard on Oct 9, 2018.
             Slain by a centaur skeleton (8 damage)
             ... on level 5 of the Dungeon.
             The game lasted 00:15:47 (6108 turns).

Ijustatesigmund the Sneak (Octopode Wizard)         Turns: 6108, Time: 00:15:48

Health: -5/45      AC:  3    Str: 16      XL:     7   Next: 57%
Magic:  2/11       EV: 14    Int: 19 (20) God:
Gold:   145        SH:  0    Dex: 11 (12) Spells: 5/12 levels left

rFire    . . .     SeeInvis .   o - -2 short sword (curse)
rCold    . . .     Gourm    .   (no shield)
rNeg     . . .     Faith    .   a - +2 hat
rPois    .         Spirit   .   (no amulet)
rElec    .         Reflect  .   g - +4 ring of strength
rCorr    .         Harm     .   i - ring of stealth
MR       .....                  (no ring)
Stlth    +++++.....             (no ring)
HPRegen  0.15/turn              (no ring)
MPRegen  0.12/turn              (no ring)
                                (no ring)
                                (no ring)

@: mighty, very slightly contaminated
A: almost no armour, stealthy swim, amphibious, 8 rings, constrict 8, camouflage
1, gelatinous body 1
a: no special abilities


You were on level 5 of the Dungeon.
You were not hungry.

You visited 1 branch of the dungeon, and saw 5 of its levels.

You collected 145 gold pieces.

Inventory:

Hand Weapons
 d - a +0 dagger of electrocution
 o - a cursed -2 short sword (weapon)
Armour
 a - a +2 hat (worn)
Jewellery
 g - a +4 ring of strength (left tentacle)
 i - a ring of stealth (right tentacle)
Scrolls
 f - 3 scrolls of identify
 p - a scroll of enchant armour
Potions
 e - 2 potions of flight
 j - a potion of might
Comestibles
 c - 4 rations


   Skills:
 + Level 2.2 Fighting
 + Level 2.2 Short Blades
 - Level 3.5 Dodging
 - Level 5.0 Stealth
 - Level 3.0 Spellcasting
 - Level 4.6 Conjurations
   Level 1.0 Summonings
 - Level 3.2 Translocations


You had 5 spell levels left.
You knew the following spells:

 Your Spells              Type           Power        Failure   Level  Hunger
a - Magic Dart            Conj           ###.         2%          1    None
b - Blink                 Tloc           N/A          6%          2    ##.....
c - Mephitic Cloud        Conj/Pois/Air  #.......     24%         3    ###....
d - Apportation           Tloc           ###...       4%          1    None

Your spell library contained the following spells:

 Spells                   Type           Power        Failure   Level  Hunger
 Flame Tongue             Conj/Fire      ##...        6%          1    None
 Throw Flame              Conj/Fire      ##....       9%          2    ##.....
 Summon Small Mammal      Summ           #...         10%         1    None
 Animate Skeleton         Necr           N/A          16%         1    None
 Confusing Touch          Hex            #.....       16%         1    None
 Call Imp                 Summ           #.......     16%         2    ##.....
 Conjure Flame            Conj/Fire      ##......     19%         3    ###....
 Slow                     Hex            #.......     22%         2    ##.....
 Inner Flame              Hex/Fire       #.......     41%         3    ###....
 Sticky Flame             Conj/Fire      ##......     52%         4    ####...
 Fireball                 Conj/Fire      ##........   86%         5    ######.


Dungeon Overview and Level Annotations

Branches:
Dungeon (5/15)             Temple (0/1) D:4

Altars:
Makhleb
Okawaru
Uskayaw

Shops:
D:5 =

Annotations:
D:5 2 transporters, Petrovich's ghost, amateur DEFE


Innate Abilities, Weirdness & Mutations

You cannot wear most types of armour.
You are very stealthy in the water. (Stealth+)
You are amphibious.
You can wear up to eight rings at the same time.
You can use your tentacles to constrict eight enemies at once.
Your skin changes colour to match your surroundings (Stealth+).
Your rubbery body absorbs attacks. (AC +1, EV +1)


Message History

* * * LOW HITPOINT WARNING * * *
The centaur skeleton barely misses you.
Okay, then.
The centaur skeleton barely misses you.
Found 12 gold pieces.
Casting: Magic Dart (safe; 2% risk of failure)
Confirm with . or Enter, or press ? or * to list all spells.
You miscast Blink.
You are very lightly contaminated with residual magic.
Nothing appears to happen.
The centaur skeleton barely misses you.
The ice beast hits you but does no damage.
The centaur skeleton barely misses you. The centaur skeleton barely misses you.
There is a transporter landing site here.
You can't go up here!
The centaur skeleton misses you.
Okay, then.
The centaur skeleton barely misses you. The centaur skeleton hits you!
You die...

##.....#.. #..
##..#####.
##...## ##
#...#.#©..#
#### # .
.##..##..##
#.#...#...#...#
#..#....##.#..#
.....##..#$....
#####..##......
#..###.ZY..##
......
#....@#####
..... #######
....


You could see an ice beast and a centaur skeleton.

Vanquished Creatures
  An ogre (D:5)
  2 scorpions (D:4)
  A hound (D:3)
  2 centaur skeletons (D:4)
  5 orc wizards (D:4)
  An iguana (D:4)
  3 worker ants (D:4)
  A hound skeleton (D:4)
  4 adders
  A shadow imp (D:5)
  An adder skeleton (D:4)
  2 worms (D:4)
  3 dart slugs (D:1)
  4 leopard geckos (D:3)
  22 orcs
  4 giant cockroaches
  8 goblins
  4 hobgoblins
  2 jackals (D:4)
  3 kobolds
  A ball python (D:1)
  10 bats
  A frilled lizard (D:1)
  A quokka skeleton (D:4)
  4 rats
91 creatures vanquished.

Notes
Turn   | Place    | Note
-------+----------+-------------------------------------------
     0 | D:1      | Ijustatesigmund the Octopode Wizard began the quest for the
                  | Orb.
     0 | D:1      | Reached XP level 1. HP: 11/11 MP: 4/4
   232 | D:1      | Reached XP level 2. HP: 17/17 MP: 1/6
   264 | D:1      | Learned a level 2 spell: Blink
   590 | D:1      | Reached XP level 3. HP: 21/21 MP: 5/7
   595 | D:1      | Learned a level 3 spell: Mephitic Cloud
  1018 | D:2      | Learned a level 1 spell: Apportation
  1859 | D:3      | Reached XP level 4. HP: 27/27 MP: 8/8
  2270 | D:3      | Found a burning altar of Makhleb.
  2320 | D:3      | Reached XP level 5. HP: 31/31 MP: 0/9
  2516 | D:4      | Found a staircase to the Ecumenical Temple.
  2957 | D:4      | Reached skill level 3 in Stealth
  2957 | D:4      | Reached XP level 6. HP: 7/36 MP: 1/10
  3017 | D:5      | Entered Level 5 of the Dungeon
  3021 | D:5      | Found a transporter.
  3028 | D:5      | Found Jootang's Jewellery Shop.
  3053 | D:4      | Reached skill level 4 in Stealth
  4185 | D:4      | Reached XP level 7. HP: 41/41 MP: 4/11
  4515 | D:4      | Reached skill level 5 in Stealth
  5077 | D:4      | Reached skill level 1 in Fighting
  5077 | D:4      | Reached skill level 1 in Short Blades
  5485 | D:4      | Found an iron altar of Okawaru.
  5485 | D:4      | Found a hide-covered altar of Uskayaw.
  6049 | D:5      | Found a transporter.
  6066 | D:5      | Noticed Petrovich's ghost (amateur DEFE)
  6089 | D:5      | HP: 1/45 [centaur skeleton (8)]
  6108 | D:5      | Slain by a centaur skeleton

Vault maps used:
D:1:      minmay_arrival_stair_chambers
D:2:      skrybe_limestone_x
D:3:      lemuel_round_altar, lemuel_coloured_pillars_altar,
          chequers_temple_overflow_statue_of_worship, makhleb_heckhound_becter
D:4:      gammafunk_temple_overflow_wave, minmay_temple_entry_trees,
          first_ration
D:5:      gammafunk_ghost_stat_death, serial_shops, nicolae_shop_waterfront,
          minmay_bent

Skill      XL: |  1  2  3  4  5  6  7 |
---------------+----------------------+-----
Conjurations   | 2 3 4 |  4.6
Translocations | 2 3 |  3.2
Stealth        | 3 4 5 |  5.0
Dodging        | 3 |  3.5
Fighting       | 2 |  2.2
Short Blades   | 2 |  2.2
Spellcasting   | |  3.0
Summonings     | |  1.0

Action                   |  1- 3 |  4- 6 |  7- 9 || total
-------------------------+-------+-------+-------++-------
Melee: Tentacles         |     4 |     7 |     4 ||    15
       Unarmed           |     3 |       |       ||     3
       Dagger            |    14 |     9 |       ||    23
       Constrict         |     5 |     6 |     4 ||    15
       Short sword       |       |    19 |    39 ||    58
Throw: Throwing net      |       |       |     1 ||     1
 Cast: Magic Dart        |    50 |   126 |    78 ||   254
       Blink             |       |     1 |     1 ||     2
       Mephitic Cloud    |       |       |     1 ||     1
  Use: Scroll            |     4 |     4 |     1 ||     9
       Potion            |     1 |     6 |     3 ||    10
 Stab: Sleeping          |     4 |     2 |     1 ||     7
       Confused          |       |       |     1 ||     1
  Eat: Chunk             |     2 |     8 |     6 ||    16
Armor: Skin              |     2 |     4 |     8 ||    14
Dodge: Dodged            |     9 |    30 |    47 ||    86

Table legend:
 A = Non-vault XP
 B = Vault XP
 C = Vault XP percentage of total XP
 D = Non-vault monster count
 E = Vault monster count
 F = Vault count percentage of total count
                 A         B        C        D         E       F
            +---------+---------+-------+---------+---------+-------
      Total |     905 |      45 |   4.7 |      90 |       1 |   1.1
            +---------+---------+-------+---------+---------+-------
        D:1 |      42 |       0 |   0.0 |      23 |       0 |   0.0
        D:2 |      35 |       0 |   0.0 |       8 |       0 |   0.0
        D:3 |      45 |      45 |  50.0 |      15 |       1 |   6.2
        D:4 |     648 |       0 |   0.0 |      41 |       0 |   0.0
        D:5 |     135 |       0 |   0.0 |       3 |       0 |   0.0
            +---------+---------+-------+---------+---------+-------
